Map: 机械城 - 天梯版

Players

Scarlett - Winner!

  • Race: Zerg Zerg
  • League: Diamond

EnDerr

  • Race: Zerg Zerg
  • League: Diamond

Event: WESG 2018 Grand Finals

VOD

Have the link to the VOD?

Description

Time

  • Played on: March 12, 2019, 4:13 a.m.
  • Length: 9:20

All games in this series

Show
View Real Time Build Order
Export as new Build Order

Scarlett Zerg - Winner!

Build Orders: Hatch First 

Get SALT Encoding   

  12  0:00  Drone  
  13  0:12  Overlord  
  13  0:18  Drone  
  14  0:31  Drone x2  
  16  0:49  Hatchery  
  15  0:52  Drone  
  15  0:56  Drone  
  17  0:59  Drone  
  18  1:10  Extractor  
  17  1:15  Spawning Pool  
  16  1:18  Drone  
  16  1:21  Drone  
  18  1:28  Drone  
  19  1:39  Drone  
  20  1:49  Overlord  
  20  2:02  Queen x2, Zergling x2  
  20  2:04  Zergling x2  
  26  2:11  Metabolic Boost  
  26  2:12  Drone  
  26  2:15  Drone  
  28  2:24  Zergling x4  
  30  2:38  Baneling Nest, Queen  
  30  2:41  Overlord  
  31  2:48  Drone x2  
  33  3:00  Drone x2  
  33  3:13  Zergling x14  
  40  3:21  Baneling x4  
  40  3:29  Overlord  
  40  3:30  Zergling x4  
  39  3:42  Baneling  
  39  3:43  Baneling x2  
  39  3:45  Overlord, Drone x3  
  42  3:52  Drone  
  42  3:53  Drone x3  
  46  4:01  Drone  
  46  4:08  Drone  
  47  4:13  Drone x2  
  47  4:15  Drone x3  
  52  4:24  Lair, Drone x3  
  52  4:28  Extractor x3  
  52  4:33  Drone x2  
  54  4:41  Drone x2  
  54  4:44  Drone x3  
  59  4:46  Overlord  
  59  4:47  Overlord  
  59  4:52  Drone  
  60  4:54  Overlord x2  
  59  5:06  Zergling x2  
  59  5:07  Zergling x2  
  61  5:14  Zergling x6  
  64  5:18  Hatchery  
  64  5:20  Zergling x8  
  67  5:28  Spire  
  66  5:35  Zergling x2  
  66  5:36  Zergling x2  
  66  5:37  Overlord  
  68  5:45  Zergling x12  
  70  6:01  Zergling x8  
  65  6:14  Zergling x8  
  65  6:15  Zergling x6  
  65  6:42  Mutalisk x11  
  82  6:57  Mutalisk  
  82  6:59  Zergling x8  
  88  7:02  Mutalisk  
  88  7:04  Zergling x2  
  88  7:12  Mutalisk  
  88  7:14  Zergling x12  
  88  7:15  Zergling x4  
  94  7:21  Zerg Flyer Weapons Level 1  
  92  7:29  Mutalisk  
  94  7:31  Overlord  
  94  7:32  Overlord  
  94  7:42  Mutalisk  
  96  7:50  Mutalisk  
  97  7:53  Zergling x26  
  107  8:03  Mutalisk  
  107  8:04  Overlord  
  108  8:07  Zergling x2  
  108  8:08  Zergling x8  
  108  8:11  Mutalisk  
  108  8:12  Overlord  
  115  8:13  Overlord  
  115  8:23  Mutalisk  
  115  8:25  Zergling x8  
  119  8:36  Baneling x2, Mutalisk  
  119  8:39  Zergling x12  
  125  8:49  Mutalisk  
  125  8:50  Mutalisk  
  127  9:02  Zergling x6  
  132  9:03  Baneling x2  
Show
View Real Time Build Order
Export as new Build Order

EnDerr Zerg 

Build Orders: Pool First, Zergling Baneling 

Get SALT Encoding   

  12  0:00  Drone  
  13  0:13  Overlord  
  13  0:18  Drone  
  14  0:31  Drone x2  
  16  0:42  Spawning Pool  
  15  0:46  Drone  
  15  0:48  Extractor  
  15  0:52  Drone  
  16  1:02  Drone  
  17  1:10  Drone  
  18  1:23  Hatchery  
  17  1:30  Zergling x4  
  19  1:41  Queen  
  21  1:48  Metabolic Boost  
  21  1:56  Overlord  
  21  2:00  Drone  
  22  2:16  Drone x2  
  22  2:18  Queen  
  26  2:29  Baneling Nest  
  25  2:39  Zergling x6  
  28  2:49  Zergling x6  
  28  2:50  Zergling x2  
  32  2:53  Zergling x2  
  33  3:03  Overlord  
  33  3:10  Zergling x4  
  34  3:16  Baneling x2  
  34  3:19  Overlord  
  34  3:27  Baneling x3  
  34  3:29  Zergling x2  
  35  3:40  Zergling x2  
  34  3:41  Drone x3  
  34  3:46  Drone x2  
  38  3:49  Drone  
  38  3:53  Drone  
  40  4:00  Drone x2  
  40  4:05  Baneling  
  40  4:07  Drone  
  40  4:08  Drone x2  
  43  4:22  Drone x4  
  47  4:31  Baneling x3  
  46  4:34  Queen  
  46  4:35  Overlord  
  47  4:51  Drone  
  47  4:52  Drone x3  
  51  4:54  Evolution Chamber, Hatchery, Extractor  
  51  4:58  Evolution Chamber  
  47  5:00  Overlord  
  47  5:10  Zergling x2  
  47  5:15  Zergling x6  
  47  5:16  Drone x3  
  52  5:21  Zerg Ground Armor Level 1  
  52  5:22  Zergling x2  
  52  5:23  Zergling x2  
  52  5:24  Zergling x2  
  55  5:31  Zerg Melee Weapons Level 1  
  55  5:35  Zergling x4  
  57  5:39  Baneling x2  
  57  5:41  Zergling x6  
  60  5:47  Baneling x2  
  60  5:48  Baneling x2  
  60  5:55  Zergling x8  
  60  5:58  Zergling x2  
  60  6:01  Zergling x2  
  60  6:03  Zergling x4  
  59  6:06  Zergling x2  
  59  6:10  Zergling x2  
  59  6:11  Zergling x2  
  57  6:15  Zergling x4  
  57  6:17  Baneling x3  
  57  6:18  Zergling x4, Baneling  
  60  6:22  Zergling x4  
  62  6:28  Zergling x2  
  62  6:29  Baneling x2  
  62  6:39  Zergling x2  
  61  6:40  Zergling x4  
  61  6:42  Zergling x2  
  61  6:45  Zergling x4  
  61  6:47  Zergling x2  
  61  6:56  Zergling x10  
  66  7:01  Zergling x4  
  66  7:04  Zergling x6  
  66  7:09  Zergling x2  
  66  7:10  Zergling x4  
  66  7:15  Zergling x2  
  67  7:21  Queen x3  
  71  7:23  Zergling x2  
  71  7:24  Zergling x2  
  71  7:25  Overlord x2  
  71  7:28  Baneling  
  71  7:29  Baneling x9  
  73  7:31  Overlord  
  73  7:36  Overlord x2  
  73  7:46  Zergling x2  
  73  7:50  Zergling x14  
  71  8:01  Zergling x4  
  71  8:02  Zergling x8  
  71  8:03  Zergling x2  
  71  8:04  Zergling x4  
  74  8:14  Zergling x6  
  75  8:22  Zergling x4  
  75  8:23  Zergling x4  
  75  8:26  Zergling x8  
  80  8:29  Zergling x6  
  83  8:34  Zergling x4  
  84  8:45  Zergling x4  
  84  8:47  Baneling x3  
  84  8:48  Baneling x3  
  77  8:50  Zergling x8  
  77  8:54  Overlord  
  77  8:55  Zergling x2  
  80  9:02  Zergling x2  
Tags
 
Add a new tag
Caveats
  • Supply blocks, unpowered buildings, or Contaminate may cause inaccurate times.
  • Supply counts are checked every 10 seconds.